 Dungeon Sprint DCSS version 0.17-a0-1575-g9a29ec8 (webtiles) character file.

45 nuthulu the Basher (level 8, -10/138 HPs)
             Began as a Troll Berserker on July 26, 2015.
             Was a High Priest of Trog.
             Mangled by a porcupine (12 damage)
             ... in the Dungeon (Sprint VI: "Thunderdome").
             The game lasted 00:03:16 (511 turns).

nuthulu the Basher (Troll Berserker)                 Turns: 511, Time: 00:03:16

Health: -10/138    AC:  6    Str: 35    XL:     8   Next: 11%
Magic:  7/7        EV: 13    Int:  7    God:    Trog [*****.]
Gold:   34         SH:  0    Dex: 11    Spells: 0 memorised, 7 levels left

rFire  . . .     SeeInvis .     n - +0 giant spiked club
rCold  . . .     Clarity  +     b - +0 animal skin
rNeg   + + +     SustAt   .     (no shield)
rPois  +         Gourm    +     (helmet restricted)
rElec  .         Spirit   .     s - +0 cloak
rCorr  .         Warding  .     (gloves unavailable)
rMut   .         NoTele   +     (boots unavailable)
MR     +....                    q - amulet of Veirufeh {Clar rPois MR+ Slay+4}
Stlth  ..........               p - ring "Sugy" {Int+4 Stlth+}
                                o - ring "Koqen" {-Tele +Inv rN+++ Str+4 Stlth+}

@: berserking, very quick, somewhat resistant to hostile enchantments, extremely
unstealthy
A: unfitting armour, claws 3, fast metabolism 3, gourmand, regeneration 2,
shaggy fur 1, tough skin 2
a: Burn Spellbooks, Berserk, Trog's Hand, Brothers in Arms, Renounce Religion,
Evoke Invisibility


You were in the Dungeon.
You worshipped Trog.
Trog was extremely pleased with you.
You were not hungry.

You visited 1 branch You collected 280 gold pieces.
You spent 246 gold pieces at shops.

Inventory:

Hand weapons
 a - a +0 mace
 n - a +0 giant spiked club (weapon)
Armour
 b - a +0 animal skin (worn)
 s - a +0 cloak (worn)
Jewellery
 o - the ring "Koqen" (left claw) {-Tele +Inv rN+++ Str+4 Stlth+}
   (You bought it in a shop in the Dungeon)

   [ring of strength]

   It affects your strength (+4).
   It renders you almost immune to negative energy.
   It lets you turn invisible.
   It prevents most forms of teleportation.
   It makes you more stealthy.
 p - the ring "Sugy" (right claw) {Int+4 Stlth+}
   (You bought it in a shop in the Dungeon)

   [ring of stealth]

   It affects your intelligence (+4).
   It makes you more stealthy.
 q - the amulet of Veirufeh (around neck) {Clar rPois MR+ Slay+4}
   (You bought it in a shop in the Dungeon)

   [amulet of clarity]

   It provides mental clarity.
   It affects your accuracy and damage with ranged weapons and melee attacks
   (+4).
   It protects you from poison.
   It affects your resistance to hostile enchantments.
Magical devices
 j - a wand of cold (5)
 k - a wand of fire (5)
 r - a wand of digging (11)
Scrolls
 i - 4 scrolls of blinking
 l - 3 scrolls of fog
Potions
 d - a potion of curing
 e - 3 potions of heal wounds
 f - 4 potions of haste
 g - 2 potions of magic
 h - a potion of berserk rage
 m - a potion of resistance
Comestibles
 c - 2 bread rations


   Skills:
 + Level 9.1 Fighting
 + Level 9.9 Maces & Flails
 + Level 9.1 Dodging


You had 7 spell levels left.
You didn't know any spells.

Dungeon Overview and Level Annotations

Branches:
Dungeon (1/1)

Altars:
Cheibriados
Dithmenos
Fedhas
Gozag
Kikubaaqudgha
Makhleb
Okawaru
Qazlal
Ru
Sif Muna
Trog
Vehumet
Xom
Yredelemnul
Zin
The Shining One
Jiyva
Lugonu

Shops:
D *[%??*?*:[((!!!!


Innate Abilities, Weirdness & Mutations

You are too large for most types of armour.
You have claws for hands.
Your metabolism is lightning-fast.
You like to eat raw meat.
You heal very quickly.
You are covered in fur (AC +1).
You have very tough skin (AC +2).


Message History

Your Fighting skill increases to level 9!
Your Dodging skill increases to level 9!
You have reached level 8!
You are struck by the porcupine's spines.
* * * LOW HITPOINT WARNING * * *
You thump the porcupine!
The porcupine is almost dead.
The porcupine barely misses you. The porcupine bites you!
* * * LOW HITPOINT WARNING * * *
You barely miss the porcupine.
The porcupine is almost dead.
The porcupine bites you.
* * * LOW HITPOINT WARNING * * *
Unknown command.
You barely miss the porcupine.
The porcupine is almost dead.
The water moccasin bites you.
* * * LOW HITPOINT WARNING * * *
The porcupine bites you!
You die...

###.........### #⌠...........⌠#
######.8.........8.######
##∩__.......###..[....__∩##
###∩........8.# #.8........∩###
##...%.[.......###.............#
#⌠..........###...###..........⌠
#⌠..........# #.S.# #..........⌠
#⌠..)......)###@..###..........⌠
##.......((..Yr###%............#
###∩........8t# #.8........∩###
##∩___......###......__.∩##
######.8........%8.######
#⌠..%........§# ###..[......###
#_......._# #....t....#


You could see a water moccasin, a crocodile, a porcupine and a sheep.

Vanquished Creatures
  Pikel (D)
  A komodo dragon (D)
  Eustachio (D)
  A big kobold (D)
  3 crimson imps (D)
  A quasit (D)
  Ijyb (D)
  An ufetubus (D)
  A goblin (D)
  2 kobolds (D)
13 creatures vanquished.

Vanquished Creatures (others)
  A kobold (D)
1 creature vanquished.

Grand Total: 14 creatures vanquished

Notes
Turn   | Place    | Note
--------------------------------------------------------------
     0 | D        | nuthulu the Troll Berserker began the quest for the Orb.
     0 | D        | Reached XP level 1. HP: 22/22 MP: 0/0
     1 | D        | Found a deep blue altar of Sif Muna.
     1 | D        | Found a bloodstained altar of Trog.
     2 | D        | Found a basalt altar of Yredelemnul.
     3 | D        | Found a stormy altar of Qazlal.
     3 | D        | Found a radiant altar of Vehumet.
     4 | D        | Found a snail-covered altar of Cheibriados.
     4 | D        | Found Hioxkesh's Weapon Rack.
     4 | D        | Found Jymuf's Premium Goods.
     5 | D        | Found Wijyicu's Basic Armour.
     5 | D        | Found Ipruwuich's Miscellaneous Merchandise.
     5 | D        | Round 1.
    12 | D        | Bought a +0 giant spiked club for 57 gold pieces
    16 | D        | Noticed Ijyb
    19 | D        | Found a blossoming altar of Fedhas.
    25 | D        | Killed Ijyb
    25 | D        | Reached skill level 3 in Fighting
    25 | D        | Reached skill level 4 in Maces & Flails
    25 | D        | Reached XP level 2. HP: 29/32 MP: 1/1
    26 | D        | Found a shimmering altar of Xom.
    27 | D        | Found a sacrificial altar of Ru.
    28 | D        | Found Umuowom's Identification Station.
    29 | D        | Found Jituinuo's Advanced Armour.
    29 | D        | Found Diczie's Jewellery.
    30 | D        | Found a glowing golden altar of the Shining One.
    30 | D        | Found a burning altar of Makhleb.
    30 | D        | Found Imaydul's Bee Food.
    34 | D        | Found an opulent altar of Gozag.
    37 | D        | Bought a heavily runed pewter ring for 45 gold pieces
    37 | D        | Bought a transparent marble ring for 45 gold pieces
    37 | D        | Bought a wavering ruby amulet for 45 gold pieces
    37 | D        | Identified the ring "Koqen" {-Tele +Inv rN+++ Str+4 Stlth+} (You bought it in a shop in the Dungeon)
    38 | D        | Identified the ring "Sugy" {Int+4 Stlth+} (You bought it in a shop in the Dungeon)
    39 | D        | Identified the amulet of Veirufeh {Clar rPois MR+ Slay+4} (You bought it in a shop in the Dungeon)
    42 | D        | Acquired Trog's second power
    42 | D        | Reached XP level 3. HP: 39/39 MP: 2/2
    49 | D        | Found a shadowy altar of Dithmenos.
    49 | D        | Found an iron altar of Okawaru.
    54 | D        | Noticed Pikel
    69 | D        | Killed Pikel
    69 | D        | Reached skill level 7 in Fighting
    69 | D        | Reached skill level 8 in Maces & Flails
    69 | D        | Reached XP level 4. HP: 22/55 MP: 3/3
    69 | D        | Reached XP level 5. HP: 24/62 MP: 4/4
    69 | D        | Reached XP level 6. HP: 27/71 MP: 5/5
    85 | D        | Reached XP level 7. HP: 39/79 MP: 6/6
    93 | D        | Found Yqutofua's Magic Scroll Shop.
    94 | D        | Found Sirphoita's Magic Scroll Shop.
    94 | D        | Found Rurghoeh's Must-Have Magic.
    95 | D        | Found an ancient bone altar of Kikubaaqudgha.
    95 | D        | Found a viscous altar of Jiyva.
    95 | D        | Found Enonn's Staff Store.
   127 | D        | Found a corrupted altar of Lugonu.
   144 | D        | Found a glowing silver altar of Zin.
   145 | D        | Found Bitoal's Distillery.
   145 | D        | Found Malydiux's Do-It-Yourself Clinic.
   146 | D        | Found Saliax's Distillery.
   146 | D        | Found Zypegg's Bottled Wisdom.
   174 | D        | Arena points: 5 (+5) [x1]
   189 | D        | Round 2.
   269 | D        | Noticed Eustachio
   271 | D        | Reached skill level 9 in Maces & Flails
   288 | D        | Killed Eustachio
   288 | D        | Acquired Trog's third power
   295 | D        | Arena points: 33 (+28) [x2]
   326 | D        | Bought a +0 cloak for 54 gold pieces
   345 | D        | Round 3.
   480 | D        | Arena points: 45 (+12) [x1]
   495 | D        | Round 4.
   497 | D        | Noticed a komodo dragon
   508 | D        | Killed a komodo dragon
   508 | D        | Reached XP level 8. HP: 28/92 MP: 7/7
   510 | D        | HP: 4/138 [porcupine (4)]
   511 | D        | Mangled by a porcupine

Vault maps used:
D:        arena_sprint

Action                   |  1- 3 |  4- 6 |  7- 9 || total
-------------------------+-------+-------+-------++-------
Melee: Giant spiked club |    15 |     4 |    30 ||    49
Invok: Berserk           |       |       |     1 ||     1
  Use: Potion            |       |       |     1 ||     1
  Eat: Chunk             |     3 |       |     3 ||     6
